AoeStats
← LastDance

Arabia

509487855Analyzed
1v1 RM · 7d ago on Sep 26, 2026· 45m 29s· 2 players
Game mode
Random Map
Map size
Tiny (2 player)
Population
200
Speed
Normal
Resources
Standard
Victory
Conquest
Starting age
Dark Age
Ending age
Imperial Age
RankedLock teamsTeams togetherTeam positionsShared explorationLock speedFull tech treeHidden civsTurbo modeCheats
Victory
Defeat
🇦🇷 Vietnamese · Argentina
684
+16
🇦🇷 Goths · Argentina
675
-16
LastDance
2:40 Loom
10:12 Feudal Age
10:52 Double-Bit Axe
13:13 Horse Collar
16:11 Forging
19:56 Bloodlines
20:43 Scale Barding Armor
21:16 Bloodlines
21:41 Man-at-Arms
26:01 Castle Age
24:47 Bloodlines
28:27 Scale Mail Armor
29:02 Gold Mining
29:02 Stone Mining
30:26 Bow Saw
29:51 Long Swordsman
33:36 Wheelbarrow
33:13 Husbandry
38:54 Hand Cart
39:01 Heavy Plow
43:49 Imperial Age
43:20 Stone Shaft Mining
44:23 Cavalier
1 de Espada
4:15 Loom
11:39 Feudal Age
12:17 Double-Bit Axe
13:14 Gold Mining
15:07 Wheelbarrow
15:17 Town Watch
18:27 Horse Collar
22:45 Fletching
22:55 Padded Archer Armor
28:06 Castle Age
27:46 Stone Mining
29:43 Leather Archer Armor
29:23 Bodkin Arrow
29:41 Forging
29:35 Scale Mail Armor
28:59 Crossbowman
31:18 Thumb Ring
32:10 Bow Saw
32:16 Heavy Plow
34:13 Hand Cart
35:55 Town Patrol
36:41 Stone Shaft Mining
40:50 Imperial Age
37:57 Pikeman
39:41 Light Cavalry
40:52 Squires
40:41 Arson
41:24 Ballistics
41:55 Bloodlines
42:22 Ring Archer Armor
Connection lost

Rejoining the realm…

Still unreachable

The connection could not be restored.

Session expired

The server has moved on; the page needs a fresh start.